 Dungeon Crawl Stone Soup version 0.28-a0-1524-ge72afd5fc6 (webtiles) character file.

Game seed: 8229337859462388162

29 knot the Chopper (level 3, 9/29 HPs)
             Began as a Demonspawn Berserker on Jan 18, 2022.
             Was a Follower of Trog.
             Quit the game on level 2 of the Dungeon.
             The game lasted 00:01:14 (1267 turns).

knot the Chopper (Demonspawn Berserker)             Turns: 1267, Time: 00:01:14

Health: 9/29       AC:  7    Str: 20    XL:     3   Next: 1%
Magic:  3/3        EV: 10    Int: 10    God:    Trog [*.....]
Gold:   44         SH:  0    Dex: 12    Spells: 2/2 levels left

rFire   . . .      SeeInvis .   a - +0 hand axe
rCold   . . .      Faith    .   (no shield)
rNeg    . . .      Spirit   .   g - +0 scale mail
rPois   .          Reflect  .   (no helmet)
rElec   .          Harm     .   (no cloak)
rCorr   .          Rampage  .   j - +0 pair of gloves {Str+3}
Will    .....                   (no boots)
Stlth   ..........              (no amulet)
HPRegen 0.09/turn               (no ring)
MPRegen 0.08/turn               (no ring)

@: on berserk cooldown, slowed, very slow
A: demonic guardian 1, powered by death 1
a: Renounce Religion, Berserk


You were on level 2 of the Dungeon.
You worshipped Trog.
Trog was aware of your devotion.
You visited 1 branch of the dungeon, and saw 2 of its levels.

You collected 44 gold pieces.

Inventory:

Hand Weapons
 a - a +0 hand axe (weapon)
Missiles
 c - a stone (quivered)
 i - 5 poisoned darts
Armour
 g - a +0 scale mail (worn)
 j - a +0 pair of gloves of strength (worn)
Scrolls
 b - a scroll of amnesia {unknown}
 d - a scroll of noise {unknown}
 h - a scroll of identify {unknown}
Potions
 e - a potion of heal wounds {unknown}
 f - 2 potions of flight {unknown}


   Skills:
 - Level 3.0 Fighting
 + Level 3.8 Axes
 - Level 1.7 Armour
 - Level 1.7 Dodging


You had 2 spell levels left.
You didn't know any spells.
Your spell library was empty.

Dungeon Overview and Level Annotations

Branches:
Dungeon (2/15)

Altars:
Wu Jian


Innate Abilities, Weirdness & Mutations

A weak demonic guardian rushes to your aid.
You regenerate a little health from kills.


Message History

You hear a shout!
A hobgoblin comes into view.
A hobgoblin is nearby!
You feel your anger nearly subside.
You are no longer berserk.
You are exhausted.
You feel yourself slow down.
You see here a +0 dagger.
There is an open door here.
You close the door.
Something unseen breaks down the door.
A kobold comes into view. It is wielding a +0 short sword.
The kobold shouts!
You closely miss the hobgoblin. The hobgoblin barely misses you.
You barely miss the hobgoblin. The hobgoblin hits you.
The hobgoblin closely misses you.
You hit the hobgoblin but do no damage.
The teleport trap disappears.
The kobold disappears!
The hobgoblin closely misses you.
The hobgoblin hits you but does no damage.
You barely miss the hobgoblin. The hobgoblin barely misses you.
You barely miss the hobgoblin. The hobgoblin closely misses you.
The hobgoblin barely misses you.
You hit the hobgoblin but do no damage. The hobgoblin hits you.
* * * LOW HITPOINT WARNING * * *
The hobgoblin closely misses you.
You closely miss the hobgoblin.
The hobgoblin hits you but does no damage. x2
You closely miss the hobgoblin.
The hobgoblin hits you but does no damage.
Okay, then.
You slash the hobgoblin!
You kill the hobgoblin!
Trog accepts your kill.
You have reached level 3!
Your experience leads to an increase in your attributes!
Your base attributes are Str 17, Int 8, Dex 12.
Increase (S)trength, (I)ntelligence, or (D)exterity?
You feel clever. x2; Your demonic ancestry asserts itself...
You feel the presence of a demonic guardian.
Are you sure you want to abandon this character and quit the game? (Confirm with "yes".)

#.#.## ...##.... #.#.#
...###.## . #.#.# ...#
#..# .. #.#g# #### ##.#
... #.#.# #.# ....
#.#.###### #.. .....
#)#....# ##.
......#####'#....######.
.......@.........#......
......###.....####......
..... #.........#......
.... #.........#......
#.. #.........#...... #.
#.........#...... #
#.........#......
#.........#......
#.........#######


There were no monsters in sight!

Vanquished Creatures
  An adder (D:2)
  2 bats
  2 goblins
  3 hobgoblins
  3 jackals (D:2)
  3 quokkas (D:1)
  2 frilled lizards (D:1)
  A kobold (D:1)
  A rat (D:2)
18 creatures vanquished.

Vanquished Creatures (others)
  3 plants (D:1)
  3 withered plants (D:1)
6 creatures vanquished.

Grand Total: 24 creatures vanquished

Notes
Turn   | Place    | Note
-------+----------+-------------------------------------------
     0 | D:1      | knot the Demonspawn Berserker began the quest for the Orb.
     0 | D:1      | Reached XP level 1. HP: 18/18 MP: 1/1
   570 | D:1      | Gained mutation: You regenerate a little health from kills.
                  | [demonic ancestry]
   570 | D:1      | Reached XP level 2. HP: 20/24 MP: 2/2
   832 | D:1      | Found a faded altar of an unknown god.
  1010 | D:2      | Found an ornate altar of the Wu Jian Council.
  1267 | D:2      | Gained mutation: A weak demonic guardian rushes to your
                  | aid. [demonic ancestry]
  1267 | D:2      | Reached XP level 3. HP: 9/29 MP: 3/3
  1267 | D:2      | Quit the game

Illustrated notes

Levels and vault maps discovered:
D:1:      lemuel_arrival_behind_the_door_small, layout_rooms,
          shapermc_ecumenical_altar_flowoftime
D:2:      layout_basic, serial_shops, nicolae_shop_bloodbath_and_beyond,
          basic_altar, corexii_leaking_fountain, minmay_misc_feat_columns

Skill      XL: |  1 |
---------------+----+-----
Axes           | 3 |  3.8
Fighting       | |  3.0
Armour         | |  1.7
Dodging        | |  1.7

Action                   || total
-------------------------++-------
Melee: Hand axe          ||    55
Invok: Berserk           ||     3
Armor: Animal skin       ||     7
       Scale mail        ||    15
Dodge: Dodged            ||    29

Table legend: (Time is in decaauts)
 A = Elapsed time spent in this place.
 B = Non-inter-level travel time spent in this place.
 C = Inter-level travel time spent in this place.
 D = Time resting spent in this place.
 E = Time spent auto-exploring this place.
 F = Levels seen in this place.
 G = Mean time per level.
                   A        B        C        D        E       F      G
               +--------+--------+--------+--------+--------+-----+--------+
         Total |   1305 |   1220 |     85 |    506 |    548 |   2 |  652.5 |
       Dungeon |   1305 |   1220 |     85 |    506 |    548 |   2 |  652.5 |
               +--------+--------+--------+--------+--------+-----+--------+

Top non-repeatable levels by time:
     D:1: 1034 daAuts
     D:2: 270 daAuts
